Carnivores vs Saguenéens
Created - 12 janvier 2013 at 01:38
Goals
|
| Carnivores |
2 |
1 |
2 |
5 |
| Saguenéens |
0 |
2 |
2 |
4 |
|
Shots
|
| Carnivores |
13 |
12 |
13 |
38 |
| Saguenéens |
9 |
9 |
13 |
31 |
|
1st period
1. Carnivores , David Van Der Gulik 6 (Matt Cullen, Andy Miele) at 6:31
2. Carnivores , Brandon Yip 6 (Jeff Tambellini, Alexei Zhitnik) at 15:49
Penalties :
Wade Belak (Chi) for High sticking (Minor) at 3:58
2nd period
3. Carnivores , Andy Miele 6 (Alexei Zhitnik, Blake Geoffrion) at 10:53
4. Saguenéens , Wade Belak 7 (Darren Helm, Brendan Witt) at 14:50
5. Saguenéens , Wayne Simmonds 7 (Brendan Witt, Dean McAmmond) at 19:06
Penalties :
Pat Dwyer (Chi) for Interference (Minor) at 0:59, Blake Geoffrion (Bre) for Hooking (Minor) at 3:54, David Van Der Gulik (Bre) for Cross-checking (Minor) at 7:22, Paul Ranger (Chi) for Tripping (Minor) at 10:58, Richard Park (Bre) for Interference (Minor) at 10:58, Wayne Simmonds (Chi) for Hooking (Minor) at 15:03
3rd period
6. Saguenéens , Henrik Tallinder 3 (Kyle Brodziak, Patrick McNeill) at 2:40 (PP)
7. Carnivores , Jeff Tambellini 7 (Alexei Zhitnik, Janne Niinimaa) at 3:17
8. Saguenéens , Darren Helm 11 (Nikolai Kulemin, Wade Belak) at 7:12
9. Carnivores , Jeff Halpern 5 (Jeff Tambellini, Janne Niinimaa) at 12:15
Penalties :
Jeff Friesen (Bre) for Charging (Minor) at 2:30, Patrick McNeill (Chi) for Hooking (Minor) at 8:22, Richard Park (Bre) for High sticking (Minor) at 8:22
Goalie Stats
Josh Tordjman (Bre), 27 saves from 31 shots - (0,871), W, 13-6-1, 60:00 minutes
Thomas Greiss (Chi), 33 saves from 38 shots - (0,868), L, 10-2-2, 59:12 minutes
Players Stats for Carnivores
Player Name G A P +/- PIM S H SB GA TA FO MP PP MP PK MP
------------------------------------------------------------------------------------
Alexei Zhitnik 0 3 3 2 0 2 1 1 0 1 0/0 18:25 2:57 1:45
Andrew Ference 0 0 0 2 0 1 1 0 1 0 0/0 21:57 2:57 1:45
Andy Miele 1 1 2 0 0 5 1 1 0 0 0/0 14:34 0:00 0:00
Blake Geoffrion 0 1 1 0 2 1 0 0 0 0 1/1 11:15 0:00 0:00
Brandon Yip 1 0 1 3 0 1 2 0 2 1 0/0 16:10 2:12 0:00
Cal O'Reilly 0 0 0 0 0 1 0 0 0 1 2/4 5:19 0:00 0:28
David Van Der Gulik 1 0 1 0 2 2 0 0 0 0 1/1 6:38 0:00 0:00
Evgeny Dadonov 0 0 0 0 0 0 0 0 0 0 0/0 0:34 0:00 0:00
Janne Niinimaa 0 2 2 -1 0 3 1 0 0 1 0/0 28:38 3:00 2:23
Jeff Friesen 0 0 0 -1 2 4 0 1 1 1 2/2 22:10 3:45 1:43
Jeff Halpern 1 0 1 3 0 3 2 1 0 0 7/14 15:55 2:12 0:00
Jeff Tambellini 1 2 3 3 0 4 1 0 0 0 0/0 17:31 2:12 1:01
Josef Melichar 0 0 0 1 0 0 0 0 0 0 0/0 10:32 0:00 0:00
Keith Aulie 0 0 0 1 0 0 2 0 0 1 0/0 9:49 0:00 0:00
Kyle Wilson 0 0 0 0 0 0 0 0 0 0 0/0 0:09 0:00 0:00
Manny Malhotra 0 0 0 0 0 0 1 0 0 0 3/5 14:13 0:00 0:51
Matt Cullen 0 1 1 -1 0 7 3 2 2 0 16/31 26:18 3:45 2:05
Mikael Backlund 0 0 0 0 0 0 0 0 0 0 0/0 0:00 0:00 0:00
Richard Park 0 0 0 -1 4 4 2 0 0 2 1/2 22:10 3:45 2:08
Ryan Mcdonagh 0 0 0 -1 0 0 1 2 0 0 0/0 29:32 3:00 2:23
Tim Conboy 0 0 0 0 0 0 0 0 0 0 0/0 0:00 0:00 0:00
Players Stats for Saguenéens
Player Name G A P +/- PIM S H SB GA TA FO MP PP MP PK MP
------------------------------------------------------------------------------------
Andrew Kozek 0 0 0 -1 0 1 0 0 0 0 0/1 8:28 0:00 0:28
Brad Chartrand 0 0 0 -1 0 2 1 0 0 0 0/1 7:51 0:00 0:00
Brendan Witt 0 2 2 0 0 2 1 2 0 0 0/0 22:20 0:00 3:04
Darren Helm 1 1 2 2 0 4 1 0 1 0 9/22 19:32 2:11 0:00
David McIntyre 0 0 0 -1 0 0 3 0 0 0 1/4 7:51 0:00 0:00
Dean McAmmond 0 1 1 -1 0 4 1 1 0 2 10/15 16:38 0:00 3:02
Derek Joslin 0 0 0 -2 0 1 0 0 0 0 0/0 13:57 0:00 0:00
Dwight King 0 0 0 -1 0 0 3 1 0 0 0/0 14:34 1:57 0:00
Henrik Tallinder 1 0 1 -2 0 2 1 0 1 1 0/0 20:11 2:08 2:53
Kyle Brodziak 0 1 1 -2 0 1 1 0 1 0 4/10 15:39 1:57 2:45
Michal Grosek 0 0 0 -2 0 4 2 0 0 0 0/0 14:23 0:00 3:02
Mike Van Ryn 0 0 0 0 0 1 2 0 0 1 0/0 21:37 2:00 2:53
Nikolai Kulemin 0 1 1 2 0 1 0 0 1 0 1/3 19:32 2:11 0:00
Pat Dwyer 0 0 0 -2 2 0 0 0 0 0 0/0 8:57 0:00 0:00
Patrick McNeill 0 1 1 0 2 2 0 0 0 1 0/0 18:25 2:08 0:00
Paul Ranger 0 0 0 0 2 1 2 2 4 1 0/0 23:55 2:00 3:04
Wade Belak 1 1 2 2 2 3 5 0 0 0 1/2 20:04 2:11 1:50
Wayne Simmonds 1 0 1 -1 2 2 2 0 0 0 1/2 16:06 1:57 0:47
3 Stars
1 - Jeff Tambellini (Bre)
2 - Wade Belak (Chi)
3 - Alexei Zhitnik (Bre)
Power Play
Carnivores - 0 on 3 Attempt(s) - 0,00%
Saguenéens - 1 on 3 Attempt(s) - 33,33%
Penalty Kill
Carnivores - 2 on 3 Attempt(s) - 66,67%
- Score 0 goal in Penalty Kill
Saguenéens - 3 on 3 Attempt(s) - 100,00%
- Score 0 goal in Penalty Kill
Official
Referees : Fraser Kerry and Peel Tim
Linesman : Pierre Champoux and Michel Cormier
Game Notes
Alexei Zhitnik is injured at 11:36 of 3rd period (Groin)
Carnivores
5 vs 5 Forward
Center Left Wing Right Wing Time % Phy DF OF
1 Matt Cullen Jeff Friesen Richard Park 40 1 2 2
2 Jeff Halpern Jeff Tambellini Brandon Yip 30 1 2 2
3 Manny Malhotra Blake Geoffrion Andy Miele 20 1 2 2
4 Cal O'Reilly Matt Cullen David Van Der Gulik 10 1 2 2
5 vs 5 Defense
Defense Defense Time % Phy DF OF
1 Janne Niinimaa Ryan Mcdonagh 40 1 2 2
2 Alexei Zhitnik Andrew Ference 30 1 2 2
3 Josef Melichar Keith Aulie 20 1 2 2
4 Janne Niinimaa Ryan Mcdonagh 10 1 2 2
PowerPlay Forward
Center Left Wing Right Wing Time % Phy DF OF
1 Matt Cullen Jeff Friesen Richard Park 60 1 2 2
2 Jeff Halpern Jeff Tambellini Brandon Yip 40 1 2 2
PowerPlay Defense
Defense Defense Time % Phy DF OF
1 Janne Niinimaa Ryan Mcdonagh 60 1 2 2
2 Alexei Zhitnik Andrew Ference 40 1 2 2
Penalty Kill 4 Players Forward
Center Wing Time % Phy DF OF
1 Matt Cullen Richard Park 60 1 2 2
2 Jeff Friesen Jeff Tambellini 40 1 2 2
Penalty Kill 4 Players Defense
Defense Defense Time % Phy DF OF
1 Janne Niinimaa Ryan Mcdonagh 60 1 2 2
2 Alexei Zhitnik Andrew Ference 40 1 2 2
Penalty Kill - 3 Players Forward
Forward Time % Phy DF OF
1 Matt Cullen 60 1 2 2
2 Richard Park 40 1 2 2
Penalty Kill - 3 Players Defense
Defense Defense Time % Phy DF OF
1 Janne Niinimaa Ryan Mcdonagh 60 1 2 2
2 Alexei Zhitnik Andrew Ference 40 1 2 2
4 vs 4 Forward
Center Wing Time % Phy DF OF
1 Matt Cullen Richard Park 60 1 2 2
2 Jeff Friesen Jeff Tambellini 40 1 2 2
4 vs 4 Defense
Defense Defense Time % Phy DF OF
1 Janne Niinimaa Ryan Mcdonagh 60 1 2 2
2 Alexei Zhitnik Andrew Ference 40 1 2 2
Last Minutes Offensive
Center Left Wing Right Wing Defense Defense
Matt Cullen Jeff Friesen Richard Park Janne Niinimaa Ryan Mcdonagh
Last Minutes Defensive
Center Left Wing Right Wing Defense Defense
Matt Cullen Jeff Friesen Richard Park Janne Niinimaa Ryan Mcdonagh
Goaltenders
Starting : Josh Tordjman
Backup : Steve Mason
Extra Forwards
Normal : Andy Miele, David Van Der Gulik, Manny Malhotra - PP : Andy Miele, David Van Der Gulik - PK : Manny Malhotra
Extra Defensemen
Normal : Josef Melichar, Keith Aulie, Alexei Zhitnik - PP : Josef Melichar - PK : Keith Aulie, Alexei Zhitnik
Penalty Shots
Matt Cullen, Richard Park, Jeff Friesen, Jeff Tambellini, Jeff Halpern
Saguenéens
5 vs 5 Forward
Center Left Wing Right Wing Time % Phy DF OF
1 Darren Helm Nikolai Kulemin Wade Belak 40 0 2 3
2 Dean McAmmond Dwight King Wayne Simmonds 30 1 2 2
3 Kyle Brodziak Michal Grosek Pat Dwyer 20 1 2 2
4 David McIntyre Andrew Kozek Brad Chartrand 10 1 2 2
5 vs 5 Defense
Defense Defense Time % Phy DF OF
1 Paul Ranger Brendan Witt 37 1 2 2
2 Patrick McNeill Mike Van Ryn 33 1 2 2
3 Henrik Tallinder Derek Joslin 25 1 2 2
4 Henrik Tallinder Paul Ranger 5 0 2 2
PowerPlay Forward
Center Left Wing Right Wing Time % Phy DF OF
1 Darren Helm Nikolai Kulemin Wade Belak 50 1 1 3
2 Kyle Brodziak Dwight King Wayne Simmonds 50 1 1 3
PowerPlay Defense
Defense Defense Time % Phy DF OF
1 Paul Ranger Mike Van Ryn 50 1 2 2
2 Patrick McNeill Henrik Tallinder 50 1 2 2
Penalty Kill 4 Players Forward
Center Wing Time % Phy DF OF
1 Dean McAmmond Michal Grosek 50 1 2 2
2 Kyle Brodziak Wade Belak 50 1 2 2
Penalty Kill 4 Players Defense
Defense Defense Time % Phy DF OF
1 Mike Van Ryn Henrik Tallinder 50 1 2 2
2 Paul Ranger Brendan Witt 50 1 2 2
Penalty Kill - 3 Players Forward
Forward Time % Phy DF OF
1 Dean McAmmond 50 1 2 2
2 Wade Belak 50 1 2 2
Penalty Kill - 3 Players Defense
Defense Defense Time % Phy DF OF
1 Mike Van Ryn Henrik Tallinder 50 1 2 2
2 Paul Ranger Brendan Witt 50 1 2 2
4 vs 4 Forward
Center Wing Time % Phy DF OF
1 Darren Helm Nikolai Kulemin 50 1 2 2
2 Kyle Brodziak Michal Grosek 50 1 2 2
4 vs 4 Defense
Defense Defense Time % Phy DF OF
1 Derek Joslin Henrik Tallinder 50 1 2 2
2 Paul Ranger Brendan Witt 50 1 2 2
Last Minutes Offensive
Center Left Wing Right Wing Defense Defense
Darren Helm Nikolai Kulemin Wade Belak Henrik Tallinder Paul Ranger
Last Minutes Defensive
Center Left Wing Right Wing Defense Defense
Kyle Brodziak Nikolai Kulemin Wayne Simmonds Mike Van Ryn Paul Ranger
Goaltenders
Starting : Thomas Greiss
Backup : James Reimer
Extra Forwards
Normal : Wayne Simmonds, Darren Helm, Nikolai Kulemin - PP : Brad Chartrand, Dean McAmmond - PK : Wayne Simmonds
Extra Defensemen
Normal : Henrik Tallinder, Paul Ranger, Brendan Witt - PP : Brendan Witt - PK : Derek Joslin, Patrick McNeill
Penalty Shots
Darren Helm, Nikolai Kulemin, Dean McAmmond, Brad Chartrand, Wayne Simmonds
% Time on Ice - Carnivores
Lines # - Real PCT - Wanted PCT - Time Play
Normal Forward
1 - 34% - 40% - 15:26
2 - 33% - 30% - 14:40
3 - 25% - 20% - 11:15
4 - 8% - 10% - 3:25
Normal Defense
1 - 42% - 40% - 18:38
2 - 36% - 30% - 16:12
3 - 19% - 20% - 8:39
4 - 3% - 10% - 1:17
PP Forward
1 - 63% - 60% - 3:45
2 - 37% - 40% - 2:12
PP Defense
1 - 50% - 60% - 3:00
2 - 50% - 40% - 2:57
PK Forward
1 - 82% - 60% - 3:24
2 - 18% - 40% - 0:44
PK Defense
1 - 58% - 60% - 2:23
2 - 42% - 40% - 1:45
PK3 Forward
1 - 0% - 60%
2 - 0% - 40%
PK3 Defense
1 - 0% - 60%
2 - 0% - 40%
44 Forward
1 - 100% - 60% - 3:58
2 - 0% - 40% - 0:00
44 Defense
1 - 71% - 60% - 2:49
2 - 29% - 40% - 1:09
Last Minute Offensive - 0:00
Last Minute Defensive - 1:11
Total
Forward - 60:00
Defense - 60:00
|
% Time on Ice - Saguenéens
Lines # - Real PCT - Wanted PCT - Time Play
Normal Forward
1 - 34% - 40% - 15:10
2 - 31% - 30% - 13:40
3 - 18% - 20% - 8:02
4 - 18% - 10% - 7:51
Normal Defense
1 - 39% - 37% - 17:38
2 - 34% - 33% - 15:20
3 - 25% - 25% - 11:20
4 - 1% - 5% - 0:25
PP Forward
1 - 53% - 50% - 2:11
2 - 47% - 50% - 1:57
PP Defense
1 - 48% - 50% - 2:00
2 - 52% - 50% - 2:08
PK Forward
1 - 51% - 50% - 3:02
2 - 49% - 50% - 2:55
PK Defense
1 - 48% - 50% - 2:53
2 - 52% - 50% - 3:04
PK3 Forward
1 - 0% - 50%
2 - 0% - 50%
PK3 Defense
1 - 0% - 50%
2 - 0% - 50%
44 Forward
1 - 53% - 50% - 2:05
2 - 47% - 50% - 1:53
44 Defense
1 - 41% - 50% - 1:38
2 - 59% - 50% - 2:20
Last Minute Offensive - 1:14
Last Minute Defensive - 0:00
Total
Forward - 60:00
Defense - 60:00
|
Play by Play
1st period
0:01 of 1st period - Nikolai Kulemin wins face-off versus Matt Cullen in neutral zone.
0:32 of 1st period - Wrist shot by Jeff Tambellini.
0:32 of 1st period - Shot Misses the Net.
1:00 of 1st period - Icing by Pat Dwyer.
1:01 of 1st period - Kyle Brodziak wins face-off versus Cal O'Reilly in Saguenéens zone.
1:30 of 1st period - Off-side.
1:31 of 1st period - Darren Helm wins face-off versus Jeff Halpern in neutral zone.
1:44 of 1st period - Off-side.
1:45 of 1st period - Matt Cullen wins face-off versus David McIntyre in neutral zone.
1:58 of 1st period - Snap shot by Matt Cullen.
1:58 of 1st period - Deflect By Jeff Friesen.
1:58 of 1st period - Stopped by Thomas Greiss without a rebound.
1:59 of 1st period - Matt Cullen wins face-off versus Dean McAmmond in Saguenéens zone.
2:50 of 1st period - Josef Melichar is hit by Brad Chartrand and loses puck.
3:17 of 1st period - Matt Cullen is hit by Michal Grosek and loses puck.
3:40 of 1st period - Slapshot by Wayne Simmonds.
3:40 of 1st period - Stopped by Josh Tordjman with a rebound.
3:44 of 1st period - Snap shot by Dean McAmmond.
3:44 of 1st period - Stopped by Josh Tordjman with a rebound.
3:58 of 1st period - Slapshot by Jeff Tambellini.
3:58 of 1st period - Deflect By Jeff Halpern.
3:58 of 1st period - Stopped by Thomas Greiss without a rebound.
3:58 of 1st period - Minor Penalty to Wade Belak for High sticking.
3:59 of 1st period - Dean McAmmond wins face-off versus Matt Cullen in Saguenéens zone.
4:24 of 1st period - Jeff Halpern is hit by Paul Ranger and loses puck.
5:16 of 1st period - Paul Ranger is hit by Matt Cullen and loses puck.
5:40 of 1st period - Icing by Jeff Halpern.
5:41 of 1st period - Wayne Simmonds wins face-off versus Jeff Halpern in Carnivores zone.
5:58 of 1st period - Penalty to Wade Belak is over, Wade Belak is back on ice.
6:10 of 1st period - Andrew Ference is hit by Darren Helm and loses puck.
6:27 of 1st period - Snap shot by Andy Miele.
6:27 of 1st period - Shot Blocked by Brendan Witt.
6:29 of 1st period - Snap shot by Matt Cullen.
6:29 of 1st period - Stopped by Thomas Greiss with a rebound.
6:31 of 1st period - Slapshot by Matt Cullen.
6:31 of 1st period - Deflect By David Van Der Gulik.
6:31 of 1st period - Goal by David Van Der Gulik - Carnivores : 1 - Saguenéens : 0.
6:32 of 1st period - Jeff Friesen wins face-off versus Darren Helm in neutral zone.
7:05 of 1st period - Snap shot by Jeff Tambellini.
7:05 of 1st period - Deflect By Jeff Halpern.
7:05 of 1st period - Shot Blocked by Paul Ranger.
7:05 of 1st period - Puck is out of play.
7:06 of 1st period - Dean McAmmond wins face-off versus Jeff Halpern in Saguenéens zone.
7:32 of 1st period - Jeff Halpern is hit by Wayne Simmonds and loses puck.
7:56 of 1st period - Icing by Derek Joslin.
7:57 of 1st period - Dean McAmmond wins face-off versus Matt Cullen in Saguenéens zone.
8:02 of 1st period - Slapshot by Matt Cullen.
8:02 of 1st period - Stopped by Thomas Greiss with a rebound.
8:04 of 1st period - Snap shot by Jeff Friesen.
8:04 of 1st period - Stopped by Thomas Greiss without a rebound.
8:05 of 1st period - Richard Park wins face-off versus Darren Helm in Saguenéens zone.
8:41 of 1st period - Wrist shot by Michal Grosek.
8:41 of 1st period - Stopped by Josh Tordjman with a rebound.
9:50 of 1st period - Slapshot by Paul Ranger.
9:50 of 1st period - Shot Blocked by Ryan Mcdonagh.
9:52 of 1st period - Slapshot by Brendan Witt.
9:52 of 1st period - Stopped by Josh Tordjman without a rebound.
9:53 of 1st period - Jeff Halpern wins face-off versus Wade Belak in Carnivores zone.
9:53 of 1st period - Jeff Halpern is hit by Wade Belak.
10:37 of 1st period - Snap shot by Michal Grosek.
10:37 of 1st period - Deflect By Kyle Brodziak.
10:37 of 1st period - Stopped by Josh Tordjman with a rebound.
10:39 of 1st period - Slapshot by Patrick McNeill.
10:39 of 1st period - Deflect By Andrew Ference.
10:39 of 1st period - Stopped by Josh Tordjman without a rebound.
10:40 of 1st period - Kyle Brodziak wins face-off versus Manny Malhotra in Carnivores zone.
10:41 of 1st period - Snap shot by Michal Grosek.
10:41 of 1st period - Stopped by Josh Tordjman with a rebound.
11:12 of 1st period - Jeff Friesen is hit by Mike Van Ryn and loses puck.
11:48 of 1st period - Off-side.
11:49 of 1st period - Cal O'Reilly wins face-off versus Andrew Kozek in neutral zone.
12:01 of 1st period - Slapshot by Janne Niinimaa.
12:01 of 1st period - Shot Misses the Net.
12:03 of 1st period - Wrist shot by Matt Cullen.
12:03 of 1st period - Shot Misses the Net.
12:59 of 1st period - Snap shot by Michal Grosek.
12:59 of 1st period - Stopped by Josh Tordjman with a rebound.
13:01 of 1st period - Slapshot by Paul Ranger.
13:01 of 1st period - Shot Blocked by Matt Cullen.
13:13 of 1st period - Slapshot by Alexei Zhitnik.
13:13 of 1st period - Shot Misses the Net.
14:41 of 1st period - Brad Chartrand is hit by Brandon Yip and loses puck.
14:54 of 1st period - Wrist shot by Cal O'Reilly.
14:54 of 1st period - Stopped by Thomas Greiss without a rebound.
14:55 of 1st period - Darren Helm wins face-off versus Cal O'Reilly in Saguenéens zone.
15:20 of 1st period - Matt Cullen is hit by Dwight King and loses puck.
15:41 of 1st period - Backhand shot by Jeff Tambellini.
15:41 of 1st period - Stopped by Thomas Greiss with a rebound.
15:43 of 1st period - Slapshot by Jeff Tambellini.
15:43 of 1st period - Shot Blocked by Paul Ranger.
15:49 of 1st period - Snap shot by Brandon Yip.
15:49 of 1st period - Goal by Brandon Yip - Carnivores : 2 - Saguenéens : 0.
15:50 of 1st period - Matt Cullen wins face-off versus Darren Helm in neutral zone.
15:53 of 1st period - Slapshot by Janne Niinimaa.
15:53 of 1st period - Stopped by Thomas Greiss with a rebound.
15:55 of 1st period - Wrist shot by Jeff Friesen.
15:55 of 1st period - Shot Misses the Net.
17:07 of 1st period - Mike Van Ryn is hit by Janne Niinimaa and loses puck.
17:16 of 1st period - Snap shot by Matt Cullen.
17:16 of 1st period - Shot Misses the Net.
17:18 of 1st period - Snap shot by Matt Cullen.
17:18 of 1st period - Shot Misses the Net.
17:20 of 1st period - Snap shot by Matt Cullen.
17:20 of 1st period - Shot Misses the Net.
17:22 of 1st period - Snap shot by Richard Park.
17:22 of 1st period - Stopped by Thomas Greiss with a rebound.
17:24 of 1st period - Snap shot by Matt Cullen.
17:24 of 1st period - Stopped by Thomas Greiss with a rebound.
18:03 of 1st period - Off-side.
18:04 of 1st period - Jeff Halpern wins face-off versus Dean McAmmond in neutral zone.
18:39 of 1st period - Wrist shot by Andy Miele.
18:39 of 1st period - Stopped by Thomas Greiss with a rebound.
18:57 of 1st period - Josef Melichar is hit by Paul Ranger and loses puck.
19:24 of 1st period - Snap shot by Brad Chartrand.
19:24 of 1st period - Shot Blocked by Andy Miele.
19:26 of 1st period - Slapshot by Andrew Kozek.
19:26 of 1st period - Stopped by Josh Tordjman without a rebound.
19:27 of 1st period - Manny Malhotra wins face-off versus Kyle Brodziak in Carnivores zone.
2nd period
0:01 of 2nd period - Matt Cullen wins face-off versus Darren Helm in neutral zone.
0:59 of 2nd period - Minor Penalty to Pat Dwyer for Interference.
1:00 of 2nd period - Matt Cullen wins face-off versus Dean McAmmond in Saguenéens zone.
1:20 of 2nd period - Icing by Alexei Zhitnik.
1:21 of 2nd period - Jeff Friesen wins face-off versus Kyle Brodziak in Carnivores zone.
1:48 of 2nd period - Snap shot by Matt Cullen.
1:48 of 2nd period - Deflect By Richard Park.
1:48 of 2nd period - Shot Hit the Post.
1:48 of 2nd period - Puck is out of play.
1:49 of 2nd period - Dean McAmmond wins face-off versus Jeff Halpern in Saguenéens zone.
1:58 of 2nd period - Snap shot by Jeff Tambellini.
1:58 of 2nd period - Stopped by Thomas Greiss with a rebound.
2:41 of 2nd period - Michal Grosek is hit by Jeff Tambellini.
2:59 of 2nd period - Penalty to Pat Dwyer is over, Pat Dwyer is back on ice.
3:07 of 2nd period - Snap shot by Michal Grosek.
3:07 of 2nd period - Stopped by Josh Tordjman with a rebound.
3:37 of 2nd period - Manny Malhotra is hit by Michal Grosek and loses puck.
3:49 of 2nd period - Snap shot by Dean McAmmond.
3:49 of 2nd period - Stopped by Josh Tordjman with a rebound.
3:53 of 2nd period - Snap shot by Michal Grosek.
3:53 of 2nd period - Shot Misses the Net.
3:54 of 2nd period - Minor Penalty to Blake Geoffrion for Hooking.
3:55 of 2nd period - Matt Cullen wins face-off versus Darren Helm in Carnivores zone.
5:54 of 2nd period - Penalty to Blake Geoffrion is over, Blake Geoffrion is back on ice.
6:21 of 2nd period - Snap shot by Andy Miele.
6:21 of 2nd period - Stopped by Thomas Greiss with a rebound.
6:25 of 2nd period - Wrist shot by Blake Geoffrion.
6:25 of 2nd period - Shot Blocked by Brendan Witt.
6:31 of 2nd period - Andy Miele is hit by David McIntyre and loses puck.
7:20 of 2nd period - Ryan Mcdonagh is hit by Wade Belak and loses puck.
7:22 of 2nd period - Minor Penalty to David Van Der Gulik for Cross-checking.
7:23 of 2nd period - Darren Helm wins face-off versus Matt Cullen in Carnivores zone.
7:28 of 2nd period - Wrist shot by Wade Belak.
7:28 of 2nd period - Shot Blocked by Ryan Mcdonagh.
7:30 of 2nd period - Slapshot by Henrik Tallinder.
7:30 of 2nd period - Stopped by Josh Tordjman without a rebound.
7:31 of 2nd period - Matt Cullen wins face-off versus Darren Helm in Carnivores zone.
7:56 of 2nd period - Snap shot by Richard Park.
7:56 of 2nd period - Stopped by Thomas Greiss with a rebound.
8:04 of 2nd period - Snap shot by Wayne Simmonds.
8:04 of 2nd period - Shot Misses the Net.
8:06 of 2nd period - Slapshot by Mike Van Ryn.
8:06 of 2nd period - Stopped by Josh Tordjman with a rebound.
8:46 of 2nd period - Nikolai Kulemin is hit by Alexei Zhitnik.
9:22 of 2nd period - Penalty to David Van Der Gulik is over, David Van Der Gulik is back on ice.
9:32 of 2nd period - Icing by Janne Niinimaa.
9:33 of 2nd period - Cal O'Reilly wins face-off versus David McIntyre in Carnivores zone.
9:38 of 2nd period - Snap shot by Jeff Tambellini.
9:38 of 2nd period - Stopped by Thomas Greiss without a rebound.
9:39 of 2nd period - David McIntyre wins face-off versus Matt Cullen in Saguenéens zone.
9:50 of 2nd period - Wrist shot by Brad Chartrand.
9:50 of 2nd period - Stopped by Josh Tordjman with a rebound.
10:04 of 2nd period - Snap shot by Andy Miele.
10:04 of 2nd period - Deflect By Blake Geoffrion.
10:04 of 2nd period - Shot Misses the Net.
10:04 of 2nd period - Puck is out of play.
10:05 of 2nd period - Manny Malhotra wins face-off versus Darren Helm in Saguenéens zone.
10:10 of 2nd period - Wrist shot by Andy Miele.
10:10 of 2nd period - Stopped by Thomas Greiss with a rebound.
10:53 of 2nd period - Wrist shot by Andy Miele.
10:53 of 2nd period - Goal by Andy Miele - Carnivores : 3 - Saguenéens : 0.
10:54 of 2nd period - Matt Cullen wins face-off versus Darren Helm in neutral zone.
10:58 of 2nd period - Minor Penalty to Paul Ranger for Tripping.
10:58 of 2nd period - Minor Penalty to Richard Park for Interference.
10:59 of 2nd period - Matt Cullen wins face-off versus Darren Helm in neutral zone.
11:08 of 2nd period - Snap shot by Andy Miele.
11:08 of 2nd period - Deflect By Matt Cullen.
11:08 of 2nd period - Stopped by Thomas Greiss with a rebound.
11:26 of 2nd period - Henrik Tallinder is hit by Matt Cullen and loses puck.
12:58 of 2nd period - Penalty to Paul Ranger is over, Paul Ranger is back on ice.
12:58 of 2nd period - Penalty to Richard Park is over, Richard Park is back on ice.
13:12 of 2nd period - Snap shot by Richard Park.
13:12 of 2nd period - Stopped by Thomas Greiss with a rebound.
13:14 of 2nd period - Slapshot by Andrew Ference.
13:14 of 2nd period - Deflect By Mike Van Ryn.
13:14 of 2nd period - Stopped by Thomas Greiss with a rebound.
13:16 of 2nd period - Snap shot by Andy Miele.
13:16 of 2nd period - Deflect By Mike Van Ryn.
13:16 of 2nd period - Stopped by Thomas Greiss with a rebound.
13:18 of 2nd period - Wrist shot by Alexei Zhitnik.
13:18 of 2nd period - Stopped by Thomas Greiss with a rebound.
13:22 of 2nd period - Wrist shot by Richard Park.
13:22 of 2nd period - Shot Misses the Net.
13:24 of 2nd period - Snap shot by Andy Miele.
13:24 of 2nd period - Deflect By Mike Van Ryn.
13:24 of 2nd period - Shot Misses the Net.
13:24 of 2nd period - Puck is out of play.
13:25 of 2nd period - Jeff Halpern wins face-off versus Wayne Simmonds in Saguenéens zone.
13:26 of 2nd period - Snap shot by Brandon Yip.
13:26 of 2nd period - Shot Misses the Net.
14:03 of 2nd period - Keith Aulie is hit by Wade Belak.
14:24 of 2nd period - Backhand shot by Andy Miele.
14:24 of 2nd period - Shot Misses the Net.
14:46 of 2nd period - Slapshot by Darren Helm.
14:46 of 2nd period - Stopped by Josh Tordjman with a rebound.
14:48 of 2nd period - Wrist shot by Wade Belak.
14:48 of 2nd period - Shot Misses the Net.
14:50 of 2nd period - Slapshot by Wade Belak.
14:50 of 2nd period - Goal by Wade Belak - Carnivores : 3 - Saguenéens : 1.
14:51 of 2nd period - Dean McAmmond wins face-off versus Matt Cullen in neutral zone.
15:03 of 2nd period - Minor Penalty to Wayne Simmonds for Hooking.
15:04 of 2nd period - Dean McAmmond wins face-off versus Matt Cullen in Saguenéens zone.
15:20 of 2nd period - Off-side.
15:21 of 2nd period - Jeff Halpern wins face-off versus Kyle Brodziak in neutral zone.
15:24 of 2nd period - Paul Ranger is hit by Jeff Halpern.
15:33 of 2nd period - Off-side.
15:34 of 2nd period - Matt Cullen wins face-off versus Dean McAmmond in neutral zone.
15:50 of 2nd period - Slapshot by Janne Niinimaa.
15:50 of 2nd period - Shot Blocked by Dean McAmmond.
16:00 of 2nd period - Jeff Halpern is hit by Henrik Tallinder and loses puck.
16:07 of 2nd period - Slapshot by Jeff Halpern.
16:07 of 2nd period - Stopped by Thomas Greiss without a rebound.
16:08 of 2nd period - Kyle Brodziak wins face-off versus Matt Cullen in Saguenéens zone.
16:48 of 2nd period - Wrist shot by Matt Cullen.
16:48 of 2nd period - Shot Misses the Net.
17:03 of 2nd period - Penalty to Wayne Simmonds is over, Wayne Simmonds is back on ice.
17:06 of 2nd period - Mike Van Ryn is hit by Ryan Mcdonagh and loses puck.
17:38 of 2nd period - Backhand shot by Richard Park.
17:38 of 2nd period - Deflect By Wade Belak.
17:38 of 2nd period - Shot Misses the Net.
17:38 of 2nd period - Puck is out of play.
17:39 of 2nd period - Jeff Halpern wins face-off versus David McIntyre in Saguenéens zone.
18:05 of 2nd period - Manny Malhotra is hit by Dwight King and loses puck.
19:04 of 2nd period - Wrist shot by Dean McAmmond.
19:04 of 2nd period - Stopped by Josh Tordjman with a rebound.
19:06 of 2nd period - Slapshot by Brendan Witt.
19:06 of 2nd period - Deflect By Wayne Simmonds.
19:06 of 2nd period - Goal by Wayne Simmonds - Carnivores : 3 - Saguenéens : 2.
19:07 of 2nd period - Jeff Halpern wins face-off versus Darren Helm in neutral zone.
19:32 of 2nd period - Janne Niinimaa is hit by Wayne Simmonds and loses puck.
3rd period
0:01 of 3rd period - Matt Cullen wins face-off versus Nikolai Kulemin in neutral zone.
0:04 of 3rd period - Snap shot by Jeff Friesen.
0:04 of 3rd period - Stopped by Thomas Greiss with a rebound.
0:10 of 3rd period - Ryan Mcdonagh is hit by Wade Belak.
0:46 of 3rd period - Icing by Dean McAmmond.
0:47 of 3rd period - Dean McAmmond wins face-off versus Manny Malhotra in Saguenéens zone.
0:53 of 3rd period - Paul Ranger is hit by Andy Miele and loses puck.
1:12 of 3rd period - Wrist shot by Jeff Tambellini.
1:12 of 3rd period - Shot Misses the Net.
1:38 of 3rd period - Slapshot by Paul Ranger.
1:38 of 3rd period - Shot Misses the Net.
1:40 of 3rd period - Snap shot by Dean McAmmond.
1:40 of 3rd period - Deflect By Dwight King.
1:40 of 3rd period - Deflect By Josef Melichar.
1:40 of 3rd period - Shot Blocked by Matt Cullen.
1:40 of 3rd period - Puck is out of play.
1:41 of 3rd period - Matt Cullen wins face-off versus Dean McAmmond in Carnivores zone.
1:41 of 3rd period - Matt Cullen is hit by Dean McAmmond.
1:53 of 3rd period - Slapshot by Janne Niinimaa.
1:53 of 3rd period - Shot Misses the Net.
1:55 of 3rd period - Snap shot by Ryan Mcdonagh.
1:55 of 3rd period - Shot Misses the Net.
1:57 of 3rd period - Wrist shot by Matt Cullen.
1:57 of 3rd period - Stopped by Thomas Greiss without a rebound.
1:58 of 3rd period - Darren Helm wins face-off versus Jeff Halpern in Saguenéens zone.
2:07 of 3rd period - Snap shot by Nikolai Kulemin.
2:07 of 3rd period - Stopped by Josh Tordjman without a rebound.
2:08 of 3rd period - Jeff Halpern wins face-off versus Darren Helm in Carnivores zone.
2:25 of 3rd period - Snap shot by Wade Belak.
2:25 of 3rd period - Deflect By Brandon Yip.
2:25 of 3rd period - Stopped by Josh Tordjman without a rebound.
2:26 of 3rd period - Dean McAmmond wins face-off versus Matt Cullen in Carnivores zone.
2:27 of 3rd period - Snap shot by Wayne Simmonds.
2:27 of 3rd period - Shot Blocked by Alexei Zhitnik.
2:29 of 3rd period - Slapshot by Derek Joslin.
2:29 of 3rd period - Deflect By Jeff Friesen.
2:29 of 3rd period - Stopped by Josh Tordjman without a rebound.
2:30 of 3rd period - Dean McAmmond wins face-off versus Matt Cullen in Carnivores zone.
2:30 of 3rd period - Minor Penalty to Jeff Friesen for Charging.
2:31 of 3rd period - Matt Cullen wins face-off versus Kyle Brodziak in Carnivores zone.
2:40 of 3rd period - Slapshot by Henrik Tallinder.
2:40 of 3rd period - Goal by Henrik Tallinder - Carnivores : 3 - Saguenéens : 3.
2:41 of 3rd period - Wade Belak wins face-off versus Matt Cullen in neutral zone.
2:50 of 3rd period - Wrist shot by Wade Belak.
2:50 of 3rd period - Shot Misses the Net.
2:52 of 3rd period - Snap shot by Nikolai Kulemin.
2:52 of 3rd period - Shot Misses the Net.
2:54 of 3rd period - Snap shot by Darren Helm.
2:54 of 3rd period - Stopped by Josh Tordjman with a rebound.
2:56 of 3rd period - Slapshot by Darren Helm.
2:56 of 3rd period - Stopped by Josh Tordjman with a rebound.
3:17 of 3rd period - Wrist shot by Jeff Tambellini.
3:17 of 3rd period - Goal by Jeff Tambellini - Carnivores : 4 - Saguenéens : 3.
3:18 of 3rd period - Darren Helm wins face-off versus Matt Cullen in neutral zone.
3:31 of 3rd period - Wrist shot by Jeff Friesen.
3:31 of 3rd period - Stopped by Thomas Greiss with a rebound.
3:52 of 3rd period - Slapshot by Dean McAmmond.
3:52 of 3rd period - Stopped by Josh Tordjman with a rebound.
3:54 of 3rd period - Slapshot by Wayne Simmonds.
3:54 of 3rd period - Shot Blocked by Jeff Halpern.
3:56 of 3rd period - Wrist shot by Wayne Simmonds.
3:56 of 3rd period - Shot Misses the Net.
4:08 of 3rd period - Brendan Witt is hit by Andrew Ference and loses puck.
5:14 of 3rd period - Slapshot by Brendan Witt.
5:14 of 3rd period - Stopped by Josh Tordjman with a rebound.
5:24 of 3rd period - Slapshot by Wade Belak.
5:24 of 3rd period - Shot Misses the Net.
5:32 of 3rd period - Slapshot by Wade Belak.
5:32 of 3rd period - Deflect By Janne Niinimaa.
5:32 of 3rd period - Shot Misses the Net.
5:32 of 3rd period - Puck is out of play.
5:33 of 3rd period - Kyle Brodziak wins face-off versus Jeff Halpern in Carnivores zone.
5:58 of 3rd period - Wade Belak is hit by Keith Aulie and loses puck.
6:09 of 3rd period - Derek Joslin is hit by Richard Park.
6:27 of 3rd period - Andrew Ference is hit by Dwight King and loses puck.
6:43 of 3rd period - Icing by Jeff Halpern.
6:44 of 3rd period - Blake Geoffrion wins face-off versus Brad Chartrand in Carnivores zone.
6:44 of 3rd period - Blake Geoffrion is hit by Brendan Witt.
6:58 of 3rd period - Snap shot by Brad Chartrand.
6:58 of 3rd period - Stopped by Josh Tordjman without a rebound.
6:59 of 3rd period - Darren Helm wins face-off versus Richard Park in Carnivores zone.
7:10 of 3rd period - Snap shot by Nikolai Kulemin.
7:10 of 3rd period - Shot Blocked by Jeff Friesen.
7:12 of 3rd period - Wrist shot by Darren Helm.
7:12 of 3rd period - Goal by Darren Helm - Carnivores : 4 - Saguenéens : 4.
7:13 of 3rd period - Matt Cullen wins face-off versus Darren Helm in neutral zone.
8:07 of 3rd period - Slapshot by Janne Niinimaa.
8:07 of 3rd period - Shot Misses the Net.
8:09 of 3rd period - Slapshot by Janne Niinimaa.
8:09 of 3rd period - Stopped by Thomas Greiss without a rebound.
8:10 of 3rd period - Darren Helm wins face-off versus Matt Cullen in Saguenéens zone.
8:10 of 3rd period - Mike Van Ryn is hit by Matt Cullen and loses puck.
8:22 of 3rd period - Minor Penalty to Patrick McNeill for Hooking.
8:22 of 3rd period - Minor Penalty to Richard Park for High sticking.
8:23 of 3rd period - Matt Cullen wins face-off versus Kyle Brodziak in Saguenéens zone.
9:16 of 3rd period - Slapshot by Ryan Mcdonagh.
9:16 of 3rd period - Deflect By David Van Der Gulik.
9:16 of 3rd period - Shot Misses the Net.
9:16 of 3rd period - Puck is out of play.
9:17 of 3rd period - David Van Der Gulik wins face-off versus Kyle Brodziak in Saguenéens zone.
9:18 of 3rd period - Slapshot by Alexei Zhitnik.
9:18 of 3rd period - Stopped by Thomas Greiss with a rebound.
10:22 of 3rd period - Penalty to Patrick McNeill is over, Patrick McNeill is back on ice.
10:22 of 3rd period - Penalty to Richard Park is over, Richard Park is back on ice.
10:31 of 3rd period - Snap shot by Paul Ranger.
10:31 of 3rd period - Stopped by Josh Tordjman without a rebound.
10:32 of 3rd period - Dean McAmmond wins face-off versus Jeff Halpern in Carnivores zone.
11:01 of 3rd period - Snap shot by Richard Park.
11:01 of 3rd period - Shot Misses the Net.
11:03 of 3rd period - Wrist shot by Matt Cullen.
11:03 of 3rd period - Shot Misses the Net.
11:05 of 3rd period - Snap shot by Jeff Friesen.
11:05 of 3rd period - Shot Misses the Net.
11:07 of 3rd period - Snap shot by Richard Park.
11:07 of 3rd period - Stopped by Thomas Greiss with a rebound.
11:09 of 3rd period - Snap shot by Matt Cullen.
11:09 of 3rd period - Stopped by Thomas Greiss without a rebound.
11:10 of 3rd period - Manny Malhotra wins face-off versus Darren Helm in Saguenéens zone.
11:11 of 3rd period - Wrist shot by Alexei Zhitnik.
11:11 of 3rd period - Shot Misses the Net.
11:25 of 3rd period - Wrist shot by Wade Belak.
11:25 of 3rd period - Stopped by Josh Tordjman with a rebound.
11:35 of 3rd period - Alexei Zhitnik is hit by David McIntyre and loses puck.
11:36 of 3rd period - Alexei Zhitnik from Carnivores is injured at 11:36 of 3rd period (Groin).
11:37 of 3rd period - Matt Cullen wins face-off versus Nikolai Kulemin in Carnivores zone.
11:50 of 3rd period - Snap shot by Matt Cullen.
11:50 of 3rd period - Stopped by Thomas Greiss with a rebound.
11:56 of 3rd period - Janne Niinimaa is hit by Wade Belak and loses puck.
12:13 of 3rd period - Snap shot by Jeff Halpern.
12:13 of 3rd period - Shot Blocked by Dwight King.
12:15 of 3rd period - Wrist shot by Jeff Halpern.
12:15 of 3rd period - Goal by Jeff Halpern - Carnivores : 5 - Saguenéens : 4.
12:16 of 3rd period - Darren Helm wins face-off versus Matt Cullen in neutral zone.
12:42 of 3rd period - Brendan Witt is hit by Brandon Yip and loses puck.
13:03 of 3rd period - Snap shot by Andy Miele.
13:03 of 3rd period - Deflect By Blake Geoffrion.
13:03 of 3rd period - Stopped by Thomas Greiss with a rebound.
13:09 of 3rd period - Andrew Ference is hit by Kyle Brodziak and loses puck.
14:08 of 3rd period - Dean McAmmond is hit by Richard Park and loses puck.
15:19 of 3rd period - Andrew Kozek is hit by Keith Aulie and loses puck.
15:26 of 3rd period - Jeff Friesen is hit by David McIntyre and loses puck.
15:51 of 3rd period - Henrik Tallinder is hit by Manny Malhotra and loses puck.
16:52 of 3rd period - Wrist shot by David Van Der Gulik.
16:52 of 3rd period - Stopped by Thomas Greiss with a rebound.
16:54 of 3rd period - Slapshot by Janne Niinimaa.
16:54 of 3rd period - Stopped by Thomas Greiss with a rebound.
17:59 of 3rd period - Henrik Tallinder is hit by Jeff Halpern and loses puck.
18:57 of 3rd period - Matt Cullen is hit by Mike Van Ryn and loses puck.
19:06 of 3rd period - Wrist shot by Jeff Friesen.
19:06 of 3rd period - Shot Misses the Net.
19:12 of 3rd period - Saguenéens, Thomas Greiss is pulled from the net.
19:48 of 3rd period - Backhand shot by Patrick McNeill.
19:48 of 3rd period - Stopped by Josh Tordjman without a rebound.
19:49 of 3rd period - Benoit Groulx call a timeout for Saguenéens.
19:49 of 3rd period - Darren Helm wins face-off versus Matt Cullen in Carnivores zone.
Output by the SimonT Hockey Simulator (STHS) for François Prévost -- Original Page W3C XHTML 1.0 Valid